 Dungeon Crawl Stone Soup version 0.29.1-1-gd02db6906a (webtiles) character file.

Game seed: 2322629831334829938

4080 Demigod47 the Basher (level 10, -4/86 HPs)
             Began as a Minotaur Fighter on Oct 11, 2022.
             Was an Elder of Okawaru.
             Slain by an ice devil (14 damage)
             ... on level 7 of the Dungeon.
             The game lasted 00:12:29 (5700 turns).

Demigod47 the Basher (Minotaur Fighter)             Turns: 5700, Time: 00:12:30

Health: -4/86      AC: 18    Str: 26    XL:     10   Next: 5%
Magic:  9/9        EV:  8    Int:  5    God:    Okawaru [****..]
Gold:   320        SH:  5    Dex:  9    Spells: 9/9 levels left

rFire   . . .      SeeInvis .   d - +2 flail (drain)
rCold   . . .      Faith    .   c - +0 buckler
rNeg    . . .      Spirit   .   x - +2 plate armour
rPois   .          Reflect  .   (helmet restricted)
rElec   +          Harm     .   m - +2 cloak of Mimafic {rElec Regen+}
rCorr   .          Rampage  .   (no gloves)
Will    +....                   (no boots)
Stlth   ..........              (no amulet)
HPRegen 1.04/turn               q - ring of willpower
MPRegen 0.11/turn               s - +4 ring of slaying

@: no status effects
A: horns 2, retaliatory headbutt
a: Renounce Religion, Heroism, Finesse


You were on level 7 of the Dungeon.
You worshipped Okawaru.
Okawaru was greatly pleased with you.
You visited 2 branches of the dungeon, and saw 8 of its levels.

You collected 320 gold pieces.

Inventory:

Hand Weapons
 d - a +2 flail of draining (weapon)
Missiles
 h - 5 poisoned darts (quivered)
Armour
 c - a +0 buckler (worn)
 m - the +2 cloak of Mimafic (worn) {rElec Regen+}
   (You found it on level 2 of the Dungeon)

   rElec:     It insulates you from electricity.
   Regen:     It increases your rate of health regeneration.
 x - a +2 plate armour (worn)
 y - the +4 scale mail "Rapy" {rF+ rN++ Will+ Dex-2}
   (You found it on level 7 of the Dungeon)

   Dex:       It affects your dexterity (-2).
   rF:        It protects you from fire.
   rN:        It greatly protects you from negative energy.
   Will:      It increases your willpower.
Jewellery
 b - a ring of ice
 q - a ring of willpower (left hand)
 s - a +4 ring of slaying (right hand)
Scrolls
 a - a scroll of noise
 e - a scroll of immolation
 f - a scroll of fog
 g - a scroll of identify
 k - a scroll of summoning
 p - a scroll of poison
 r - a scroll of vulnerability
 t - 2 scrolls of teleportation
 u - 2 scrolls of fear {unknown}
Potions
 i - 6 potions of curing
 l - a potion of heal wounds
 n - a potion of ambrosia
 o - a potion of degeneration
 v - a potion of flight
 w - a potion of haste


   Skills:
 + Level 7.0 Fighting
 - Level 8.4(10.6) Axes
 * Level 10.2(11.4) Maces & Flails
 + Level 7.9 Armour
 + Level 3.3 Dodging
 + Level 1.5 Stealth
 + Level 6.2 Shields


You had 9 spell levels left.
You didn't know any spells.
Your spell library contained the following spells:

 Spells                   Type           Power      Damage    Failure   Level
 Static Discharge         Conj/Air       0%         3-3/arc   100%        2
 Gell's Gravitas          Tloc           0%         N/A       100%        3
 Lesser Beckoning         Tloc           0%         N/A       100%        3
 Teleport Other           Tloc           0%         N/A       100%        3
 Corpse Rot               Necr/Pois/Air  0%         N/A       100%        4
 Dispel Undead            Necr           0%         3d6       100%        4
 Sticky Flame             Conj/Fire      0%         2d3       100%        4
 Death Channel            Necr           Unusable   N/A       N/A         6

Dungeon Overview and Level Annotations

Branches:
Dungeon (7/15)             Temple (1/1) D:4

Altars:
Ashenzari
Cheibriados
Dithmenos
Elyvilon
Fedhas
Gozag
Hepliaklqana
Makhleb
Nemelex Xobeh
Okawaru
Sif Muna
Trog
Uskayaw
Wu Jian
Xom
Yredelemnul
Zin

Shops:
D:4 *


Innate Abilities, Weirdness & Mutations

You have a pair of horns on your head.
You reflexively headbutt those who attack you in melee.


Message History

You thump the freezing wraith!
The freezing wraith is heavily damaged.
The freezing wraith hits you but does no damage. x2
You closely miss the freezing wraith. You headbutt the freezing wraith.
The freezing wraith is severely damaged.
The freezing wraith hits you. The freezing wraith freezes you!
The freezing wraith hits you! The freezing wraith drains your vigour!
You feel yourself slow down.
You closely miss the freezing wraith.
The freezing wraith is severely damaged.
The freezing wraith hits you. The freezing wraith freezes you!
* * * LOW HITPOINT WARNING * * *
The freezing wraith hits you.
* * * LOW HITPOINT WARNING * * *
You sock the freezing wraith!
You destroy the freezing wraith!
Okawaru is honoured by your kill.
You can now speed up your combat.
Okawaru grants you throwing weapons! Something appears at your feet!
Your Fighting skill increases to level 7!
You have reached level 10!
You feel much better.
The ice devil hits you but does no damage. x2
You sock the ice devil!
You headbutt the ice devil, but do no damage.
The ice devil is moderately wounded.
The ice devil hits you but does no damage.
You closely miss the ice devil.
The ice devil is moderately wounded.
You block the ice devil's attack.
You thump the ice devil!
You headbutt the ice devil, but do no damage.
The ice devil is heavily wounded.
You feel yourself speed up. The ice devil hits you! The ice devil freezes you!!
* * * LOW HITPOINT WARNING * * *
The ice devil hits you.
* * * LOW HITPOINT WARNING * * *
The ice devil freezes you!
You die...

......#~~#........
#.#
..................
#.# #..........#
#.# ####''''####
#.# #....#.# #.#
##.....# #.#
#####.# #.# #4#
#.# #@# #.# #.#
#.# #.# #.# #.#
#.#
#.###########.##
#..........(..<#
#.##############
###


You could see an ice devil.

Vanquished Creatures
  A freezing wraith (D:7)
  2 ice devils (D:7)
  The ghost of rubinsalamander the Chucker, an amateur GnWn (D:4)
  Sigmund (D:2)
  Eustachio (D:6)
  A steam dragon (D:7)
  Menkaure (D:7)
  6 water moccasins
  An orc warrior (D:6)
  3 sky beasts
  3 black bears (D:7)
  3 ogres
  2 phantoms
  A kobold brigand (D:7)
  Blork the orc (D:4)
  A scorpion (D:7)
  3 necrophages
  4 jellies
  2 hounds (D:5)
  4 iguanas
  4 orc wizards
  7 adders
  A river rat (D:4)
  A shadow imp (D:6)
  5 white imps
  An ufetubus (D:5)
  2 worms
  A dart slug (D:3)
  10 orcs
  4 bats
  5 endoplasms
  2 giant cockroaches
  A goblin (D:1)
  5 hobgoblins
  15 kobolds
  5 quokkas
  7 ball pythons
  5 frilled lizards
  10 rats
133 creatures vanquished.

Notes
Turn   | Place    | Note
-------+----------+-------------------------------------------
     0 | D:1      | Demigod47 the Minotaur Fighter began the quest for the Orb.
     0 | D:1      | Reached XP level 1. HP: 19/19 MP: 0/0
   245 | D:1      | Reached XP level 2. HP: 27/27 MP: 1/1
   897 | D:2      | Noticed Sigmund
   907 | D:2      | Killed Sigmund
   908 | D:2      | Reached skill level 5 in Axes
   908 | D:2      | Reached XP level 3. HP: 23/34 MP: 2/2
   908 | D:2      | Reached XP level 4. HP: 28/41 MP: 3/3
   908 | D:2      | Reached XP level 5. HP: 32/47 MP: 4/4
  1073 | D:2      | Identified the +8 chain mail of the Sky {Dex+4}
  1105 | D:2      | Found a burning altar of Makhleb.
  1579 | D:2      | Identified the +2 cloak of Mimafic {rElec Regen+}
  2471 | D:3      | Noticed a phantom
  2479 | D:3      | Killed a phantom
  2480 | D:3      | Reached XP level 6. HP: 45/53 MP: 5/5
  2578 | D:3      | Found a faded altar of an unknown god.
  2714 | D:4      | Noticed Blork the orc
  2721 | D:4      | Killed Blork the orc
  2762 | D:4      | Found a staircase to the Ecumenical Temple.
  2848 | Temple   | Entered the Ecumenical Temple
  2919 | Temple   | Became a worshipper of Warmaster Okawaru
  3026 | D:4      | Found Ceameuq's Overcharged Wands.
  3076 | D:4      | Noticed a sky beast
  3092 | D:4      | Killed a sky beast
  3093 | D:4      | Reached skill level 5 in Armour
  3153 | D:4      | Found a runed translucent door.
  3182 | D:4      | Noticed rubinsalamander's ghost (amateur GnWn)
  3371 | D:4      | Found a runed translucent door.
  3558 | D:4      | Killed rubinsalamander's ghost
  3559 | D:4      | Reached skill level 5 in Fighting
  3559 | D:4      | Reached skill level 1 in Dodging
  3559 | D:4      | Reached XP level 7. HP: 24/61 MP: 6/6
  3672 | D:5      | Entered Level 5 of the Dungeon
  3697 | D:5      | Reached skill level 1 in Stealth
  3813 | D:5      | Reached * piety under Okawaru
  3814 | D:5      | Reached skill level 1 in Maces & Flails
  3847 | D:5      | Reached XP level 8. HP: 68/68 MP: 7/7
  3942 | D:5      | Reached skill level 2 in Maces & Flails
  4155 | D:5      | Reached skill level 3 in Maces & Flails
  4158 | D:5      | Reached skill level 5 in Shields
  4256 | D:5      | Reached skill level 4 in Maces & Flails
  4289 | D:5      | Found a hazy altar of Hepliaklqana.
  4360 | D:6      | Reached ** piety under Okawaru
  4577 | D:6      | Reached skill level 5 in Maces & Flails
  4639 | D:6      | Noticed Eustachio
  4683 | D:6      | Killed Eustachio
  4684 | D:6      | Reached skill level 6 in Maces & Flails
  4700 | D:6      | Reached XP level 9. HP: 73/77 MP: 8/8
  4936 | D:7      | Reached skill level 7 in Maces & Flails
  5026 | D:7      | Reached *** piety under Okawaru
  5071 | D:7      | Reached skill level 8 in Maces & Flails
  5162 | D:7      | Identified the +4 scale mail "Rapy" {rF+ rN++ Will+ Dex-2}
  5215 | D:7      | Noticed Menkaure
  5224 | D:7      | Killed Menkaure
  5225 | D:7      | Reached skill level 9 in Maces & Flails
  5636 | D:7      | Noticed an ice devil
  5647 | D:7      | Noticed an ice devil
  5657 | D:7      | Killed an ice devil
  5669 | D:7      | Killed an ice devil
  5670 | D:7      | Reached skill level 10 in Maces & Flails
  5674 | D:7      | Noticed a freezing wraith
  5676 | D:7      | Noticed an ice devil
  5696 | D:7      | Killed a freezing wraith
  5696 | D:7      | Reached **** piety under Okawaru
  5696 | D:7      | Received a gift from Okawaru
  5697 | D:7      | Reached XP level 10. HP: 18/86 MP: 9/9
  5700 | D:7      | Slain by an ice devil

Illustrated notes

Levels and vault maps discovered:
D:1:      dpeg_arrival_tiny_c, layout_basic, corexii_item_surrounded_by_moat
D:2:      layout_basic, basic_altar, uniq_sigmund
D:3:      layout_basic, nicolae_ecumenical_lake_church, serial_corexii_hall,
          chequers_hall_statues_y, chequers_hall_statues_wall_a,
          glass_columns_a, corner_web_ring
D:4:      layout_loops_ring, minmay_temple_entry_antechambers,
          ebering_ghost_sewer_f, minmay_stone_trees_small,
          nicolae_shop_overcharged_wands, uniq_blork_the_orc
D:5:      layout_cave_pools, mainiacjoe_overflow_alcove_4, st_stairs_4,
          roderic_serpentine_path, nrook_campfire
D:6:      layout_gridville, uniq_eustachio
D:7:      layout_basic, minmay_misc_feat_roman,
          hellmonk_guarded_unrand_frostbite, uniq_menkaure
Temple:   mainiacjoe_temple_coin_purse

Skill      XL: |  1  2  3  4  5  6  7  8  9 |
---------------+----------------------------+-----
Armour         | 4 5 6 7 |  7.9
Shields        | 4 5 6 |  6.2
Axes           | 5 6 7 8 |  8.4
Fighting       | 4 5 6 7 |  7.0
Dodging        | 1 3 |  3.3
Stealth        | 1 |  1.5
Maces & Flails | 1 6 10 | 10.2

Action                   |  1- 3 |  4- 6 |  7- 9 | 10-12 || total
-------------------------+-------+-------+-------+-------++-------
Melee: War axe           |    46 |    95 |    15 |       ||   156
       Headbutt          |     9 |    13 |    35 |     2 ||    59
       Flail             |       |       |   210 |     3 ||   213
Invok: Heroism           |       |       |     1 |       ||     1
  Use: Scroll            |     1 |     3 |     8 |       ||    12
       Potion            |     1 |     1 |     8 |     1 ||    11
 Stab: Invisible         |       |       |     2 |       ||     2
Armor: Scale mail        |    26 |    61 |    94 |       ||   181
       Plate armour      |       |       |    47 |     3 ||    50
Dodge: Dodged            |    24 |    39 |   120 |       ||   183
Block: Buckler           |    10 |    29 |    66 |     1 ||   106
